 Dungeon Crawl Stone Soup version 0.21-a0-442-g848f44b (webtiles) character file.

53 slep the Skirmisher (level 3, -1/45 HPs)
             Began as a Demonspawn Wanderer on Nov 15, 2017.
             Slain by an iguana (2 damage)
             ... on level 2 of the Dungeon.
             The game lasted 00:06:20 (939 turns).

slep the Skirmisher (Demonspawn Wanderer)            Turns: 939, Time: 00:06:20

Health: -1/45      AC: 21    Str: 13    XL:     3   Next: 62%
Magic:  3/3        EV:  2    Int: 14    God:
Gold:   54         SH:  0    Dex: 11    Spells: 2/2 levels left

rFire    . . .     SeeInvis .   d - +0 club
rCold    . . .     Gourm    .   (no shield)
rNeg     + + +     Faith    .   (armour currently unavailable)
rPois    +         Spirit   .   (helmet currently unavailable)
rElec    .         Reflect  .   (cloak currently unavailable)
rCorr    .         Harm     +   (gloves currently unavailable)
MR       .....     NoTele   +   (boots currently unavailable)
Stlth    +.........             s - amulet of harm
HPRegen  0.15/turn              (no ring)
MPRegen  0.08/turn              (no ring)

@: tree-form
A: powered by death 1
a: no special abilities


You were on level 2 of the Dungeon.
You were not hungry.
You were a tree.
You visited 1 branch of the dungeon, and saw 2 of its levels.

You collected 54 gold pieces.

Inventory:

Hand Weapons
 d - a +0 club (weapon)
 i - a +0 whip
Missiles
 p - 6 tomahawks (quivered)
Armour
 a - a +2 scale mail (melded)
 m - a +0 helmet (melded)
Jewellery
 s - an amulet of harm (around neck)
Scrolls
 b - a scroll of teleportation
 g - 4 scrolls of enchant weapon {unknown}
 h - a scroll of remove curse {unknown}
 j - 3 scrolls of recharging {unknown}
 k - a scroll of random uselessness {unknown}
 l - a scroll of magic mapping {unknown}
 n - a scroll of fear {unknown}
 r - a scroll of amnesia {unknown}
Potions
 o - 3 potions of curing {unknown}
 q - a potion of heal wounds {unknown}
Comestibles
 f - 2 bread rations
 t - 3 fruits
 u - a chunk of flesh


   Skills:
 + Level 3.7 Fighting
 + Level 1.4 Maces & Flails
 + Level 1.1 Throwing
 + Level 1.2 Armour
 + Level 1.1 Dodging
 + Level 1.0 Stealth
 + Level 2.1 Unarmed Combat
   Level 1.0 Evocations


You had 2 spell levels left.
You didn't know any spells.

Dungeon Overview and Level Annotations

Branches:
Dungeon (2/15)

Altars:


Innate Abilities, Weirdness & Mutations

((You have large cloven feet.))
You regenerate a little health from kills.


Message History

You barely miss the iguana. Your kick misses the iguana. The iguana bites you!
You closely miss the iguana. Your kick misses the iguana. The iguana bites you!
* * * LOW HITPOINT WARNING * * *
You hit the iguana but do no damage. Your kick misses the iguana.
The iguana bites you.
* * * LOW HITPOINT WARNING * * *
You turn into a tree.
Your +0 helmet melds into your body.
Your +2 scale mail melds into your body.
Your roots penetrate the ground.
The iguana bites you but does no damage.
You barely miss the iguana.
The iguana bites you but does no damage. x2
You barely miss the iguana.
The iguana bites you but does no damage.
You barely miss the iguana. The iguana bites you.
* * * LOW HITPOINT WARNING * * *
You barely miss the iguana. The iguana barely misses you.
It was a potion of magic.
Magic courses through your body. The iguana bites you.
You die...

# #..#)...## #
#..÷<....# ### #
#..#.....# #.. #
#..##.#..###.#
##..##......#.####
# #.........#.#.#..
###.###.....#.#.#.#
....# #..####.#.#l#
....###..# #...♣#
..#......# #####.#
.......#.# ##
..#.##.#.#
[.#......#
)##......# #
####.### #.# #>#


You could see an iguana.

Vanquished Creatures
  An adder (D:2)
  An ooze (D:1)
  2 worms (D:2)
  7 bats (D:1)
  5 goblins (D:1)
  5 hobgoblins
  A frilled lizard (D:1)
  6 kobolds (D:1)
  6 rats
34 creatures vanquished.

Notes
Turn   | Place    | Note
-------+----------+-------------------------------------------
     0 | D:1      | slep the Demonspawn Wanderer began the quest for the Orb.
     0 | D:1      | slep set off with: a +2 scale mail, a scroll of teleportation, a potion of lignification, a +0 club, a bread ration
     0 | D:1      | Reached XP level 1. HP: 18/18 MP: 1/1
   168 | D:1      | Gained mutation: You regenerate a little health from kills. [demonic ancestry]
   168 | D:1      | Reached XP level 2. HP: 24/24 MP: 2/2
   608 | D:1      | Gained mutation: You have large cloven feet. [demonic ancestry]
   608 | D:1      | Reached XP level 3. HP: 28/30 MP: 3/3
   661 | D:1      | Reached skill level 1 in Maces & Flails
   937 | D:2      | HP: 1/45 [iguana (3)]
   939 | D:2      | Slain by an iguana

Vault maps used:
D:1:      scummos_arrival_star, minmay_misc_feat_doors, corexii_corridor_pit
D:2:      marbit_many_paths

Skill      XL: |  1  2  3 |
---------------+----------+-----
Unarmed Combat | 2 |  2.1
Maces & Flails | 1 |  1.4
Fighting       | |  3.7
Throwing       | |  1.1
Armour         | |  1.2
Dodging        | |  1.1
Stealth        | |  1.0
Evocations     | |  1.0

Action                   || total
-------------------------++-------
Melee: Club              ||   182
       Punch             ||     3
       Kick              ||    14
Throw: Tomahawk          ||    16
  Use: Potion            ||     2
  Eat: Chunk             ||     1
Armor: Scale mail        ||    93
       Skin              ||     4
Dodge: Dodged            ||    91

Table legend:
 A = Spawn XP
 B = Non-spawn XP
 C = Spawn XP percentage of total XP
 D = Spawn monster count
 E = Non-spawn monster count
 F = Spawn count percentage of total count
 G = Total turns spent on level
                    A         B        C        D         E        F      G
               +---------+---------+-------+---------+---------+-------+---------
         Total |       0 |      76 |   0.0 |       0 |      34 |   0.0 |   939
               +---------+---------+-------+---------+---------+-------+---------
           D:1 |       0 |      49 |   0.0 |       0 |      28 |   0.0 |   818
           D:2 |       0 |      27 |   0.0 |       0 |       6 |   0.0 |   121
               +---------+---------+-------+---------+---------+-------+---------
